Map: Ascension to Aiur LE

Players

Dessa

  • Race: Zerg Zerg
  • League: Diamond
  • Spawn Location: 11:00

ZeeLow - Winner!

  • Race: Protoss Protoss
  • League: Diamond
  • Spawn Location: 5:00

VOD

Have the link to the VOD?

Description

Time

  • Played on: Jan. 9, 2018, 3:07 p.m.
  • Length: 7:34
Show
View Real Time Build Order
Export as new Build Order

Dessa Zerg 

Build Orders: Hatch First 

Get SALT Encoding   

  12  0:01  Drone  
  13  0:13  Overlord  
  13  0:17  Drone  
  14  0:31  Drone x2  
  16  0:36  Drone  
  17  0:58  Hatchery  
  16  1:06  Drone  
  17  1:21  Spawning Pool  
  16  1:41  Drone  
  16  1:42  Overlord  
  15  2:08  Queen  
  12  2:11  Drone  
  12  2:12  Drone  
  12  2:13  Zergling x2  
  17  2:16  Spine Crawler  
  16  2:23  Drone  
  17  2:42  Drone, Extractor  
  17  2:48  Queen  
  17  2:50  Drone  
  20  3:07  Zergling x4  
  22  3:17  Drone  
  22  3:19  Zergling x2  
  25  3:20  Zergling x4  
  26  3:33  Drone  
  23  4:13  Hatchery  
  22  4:20  Metabolic Boost  
  22  4:21  Queen  
  22  4:23  Hatchery  
  23  4:30  Drone x4  
  27  4:46  Roach Warren  
  27  4:47  Drone  
  27  4:48  Drone  
  28  4:56  Drone  
  29  5:10  Drone  
  29  5:12  Overlord  
  29  5:14  Overlord  
  29  5:36  Drone x7  
  36  5:44  Queen  
  36  5:49  Queen  
  38  5:52  Drone x4  
  44  5:59  Lair  
  44  6:01  Extractor  
  44  6:02  Extractor  
  39  6:20  Drone x3  
  39  6:21  Drone  
  43  6:26  Drone x3  
  43  6:27  Drone x3  
  49  6:35  Zergling x2  
  49  6:36  Zergling x8  
  54  6:40  Drone x2  
  56  6:47  Drone  
  56  6:49  Overlord  
  56  6:51  Overlord  
  57  7:11  Roach x7  
  57  7:12  Zergling x2  
Show
View Real Time Build Order
Export as new Build Order

ZeeLow Protoss - Winner!

Build Orders:  

Get SALT Encoding   

  12  0:00  Probe  
  13  0:13  Probe  
  14  0:18  Pylon  
  14  0:25  Probe  
  15  0:37  Probe (Chrono Boost)  
  15  0:40  Forge  
  16  0:49  Probe (Chrono Boost)  
  17  0:51  Assimilator  
  17  0:54  Probe (Chrono Boost)  
  18  1:03  Pylon  
  18  1:06  Probe  
  19  1:18  Pylon  
  19  1:29  Photon Cannon  
  19  1:31  Photon Cannon  
  19  1:34  Probe  
  20  1:47  Pylon  
  20  1:50  Probe (Chrono Boost)  
  21  2:00  Gateway  
  21  2:12  Gateway  
  21  2:15  Photon Cannon  
  21  2:21  Pylon  
  21  2:24  Probe  
  22  2:34  Pylon  
  22  2:37  Assimilator  
  22  2:40  Probe  
  23  2:52  Cybernetics Core  
  23  2:53  Probe (Chrono Boost)  
  24  3:05  Pylon  
  24  3:11  Probe (Chrono Boost)  
  25  3:19  Photon Cannon  
  25  3:21  Probe  
  28  3:32  Zealot (Chrono Boost)  
  30  3:37  Stalker (Chrono Boost)  
  30  3:41  Warp Gate  
  30  3:47  Photon Cannon  
  30  3:56  Gateway  
  30  4:12  Gateway  
  30  4:22  Probe  
  31  4:27  Protoss Ground Weapons Level 1 (Chrono Boost)  
  31  4:31  Adept x2  
  31  4:37  Gateway  
  35  4:44  Sentry  
  37  4:58  Sentry  
  37  4:59  Sentry  
  41  5:10  Sentry  
  41  5:12  Shield Battery  
  43  5:29  Pylon  
  43  5:58  Pylon  
  43  6:00  Pylon x2  
  43  6:04  Zealot x3  
  47  6:22  Stalker x2  
  49  6:32  Adept x3  
  55  6:45  Pylon  
  55  6:46  Sentry x2  
  59  6:58  Stalker x2, Zealot  
  65  7:07  Zealot  
  67  7:12  Pylon  
  65  7:31  Stalker x2  
  65  7:32  Stalker, Zealot x2  
Tags
 
Add a new tag
Caveats
  • Supply blocks, unpowered buildings, or Contaminate may cause inaccurate times.
  • Supply counts are checked every 10 seconds.